 Dungeon Crawl Stone Soup version 0.22-a0-247-gbddf880 (webtiles) character file.

51 MatthieuS the Vexing (level 4, -1/33 HPs)
             Began as a Human Wanderer on Feb 27, 2018.
             Was an Initiate of Nemelex Xobeh.
             Slain by Robby's ghost (2 damage)
             ... on level 3 of the Dungeon.
             The game lasted 00:04:25 (2135 turns).

MatthieuS the Vexing (Human Wanderer)               Turns: 2135, Time: 00:04:28

Health: -1/33      AC:  5    Str: 12    XL:     4   Next: 7%
Magic:  5/5        EV:  9    Int: 12    God:    Nemelex Xobeh [......]
Gold:   67         SH:  4    Dex: 14    Spells: 3/3 levels left

rFire    . . .     SeeInvis .   p - +0 war axe
rCold    . . .     Gourm    +   c - +0 buckler
rNeg     . . .     Faith    .   i - +0 ring mail (curse)
rPois    +         Spirit   .   (no helmet)
rElec    .         Reflect  .   (no cloak)
rCorr    .         Harm     .   (no gloves)
MR       .....                  (no boots)
Stlth    +.........             h - amulet of the gourmand (curse)
HPRegen  0.11/turn              k - ring of poison resistance
MPRegen  0.09/turn              (no ring)

@: no status effects
A: no striking features
a: Renounce Religion


You were on level 3 of the Dungeon.
You worshipped Nemelex Xobeh.
Nemelex Xobeh was noncommittal.
You were very full.

You visited 1 branch of the dungeon, and saw 3 of its levels.

You collected 67 gold pieces.

Inventory:

Hand Weapons
 b - a +0 mace
 p - a +0 war axe (weapon)
Armour
 c - a +0 buckler (worn)
 i - a cursed +0 ring mail (worn)
Jewellery
 h - a cursed amulet of the gourmand (around neck)
 k - a ring of poison resistance (left hand)
Wands
 a - a wand of flame (15)
Scrolls
 d - a scroll of enchant weapon {unknown}
 g - 3 scrolls of identify {unknown}
 l - a scroll of fog {unknown}
 m - 3 scrolls of remove curse {unknown}
Potions
 e - a potion of curing
 j - a potion of heal wounds {unknown}
 n - a potion of lignification {unknown}
Comestibles
 f - 8 rations


   Skills:
 + Level 1.7 Fighting
 * Level 0.1(1.4) Axes
 - Level 2.4 Maces & Flails
 + Level 1.2 Armour
 + Level 0.0 Dodging
 + Level 1.7 Shields
   Level 5.0 Hexes
 + Level 1.7 Evocations


You had 3 spell levels left.
You didn't know any spells.

Dungeon Overview and Level Annotations

Branches:
Dungeon (3/15)

Altars:
Nemelex Xobeh
Xom

Annotations:
D:3 Robby's ghost, amateur GrFi


Message History

You draw a card...
It is the Tomb.
Nothing appears to happen.
You block the frilled lizard's attack. Robby's ghost hits you!
* * * LOW HITPOINT WARNING * * *
Evoke which item? (* to show all) (? for menu, Esc to quit)
You draw a card...
It is the Tomb.
Nothing appears to happen.
The frilled lizard bites you.
* * * LOW HITPOINT WARNING * * *
Robby's ghost closely misses you.
Evoke which item? (* to show all) (? for menu, Esc to quit)
You draw a card...
It is the Elixir.
You begin rapidly regenerating magic.
The frilled lizard bites you but does no damage.
Robby's ghost hits you but does no damage.
Evoke which item? (* to show all) (? for menu, Esc to quit)
You draw a card...
It is the Cloud.
The deck of cards glows slightly and disappears.
Clouds appear around you!
The frilled lizard bites you but does no damage.
Robby's ghost hits you.
You die...
Your body disappears without a glow.

... #.##+#
#....# ###
#....#
....#...<#
#.....##
....#....#
## #..###
##.#@#
#...§Wl##
####§#§##
#.#.#
#.#..
#.###


You could see Robby's ghost and a frilled lizard.

Vanquished Creatures
  An adder (D:2)
  An ooze (D:1)
  A dart slug (D:1)
  A leopard gecko (D:2)
  A bat (D:1)
  4 giant cockroaches
  6 goblins
  4 hobgoblins (D:1)
  4 jackals (D:2)
  3 kobolds
  A quokka (D:2)
  2 frilled lizards (D:2)
29 creatures vanquished.

Notes
Turn   | Place    | Note
-------+----------+-------------------------------------------
     0 | D:1      | MatthieuS the Human Wanderer began the quest for the Orb.
     0 | D:1      | MatthieuS set off with: a wand of flame (15), a +0 mace, a +0 buckler, a +0 robe, a ration
     0 | D:1      | Reached XP level 1. HP: 15/15 MP: 1/1
    51 | D:1      | Reached XP level 2. HP: 12/21 MP: 2/2
   549 | D:1      | Reached XP level 3. HP: 24/26 MP: 4/4
   996 | D:2      | Reached skill level 1 in Armour
  1248 | D:2      | Found a shimmering altar of Xom.
  1395 | D:2      | Found a sparkling altar of Nemelex Xobeh.
  1451 | D:2      | Became a worshipper of Nemelex Xobeh the Trickster
  1494 | D:2      | Reached XP level 4. HP: 16/33 MP: 5/5
  1499 | D:2      | Received a gift from Nemelex Xobeh
  2129 | D:3      | Noticed Robby's ghost (amateur GrFi)
  2133 | D:3      | HP: 1/33 [frilled lizard (1)]
  2135 | D:3      | Slain by Robby's ghost

Vault maps used:
D:1:      matt_arrival_diagonals
D:2:      grunt_temple_overflow_open
D:3:      gammafunk_temple_overflow_wave, nicolae_overflow_crystal_walls,
          marbit_many_paths, uniq_ijyb

Skill      XL: |  1  2  3 |
---------------+----------+-----
Armour         | 1 |  1.2
Fighting       | |  1.7
Axes           | |  0.1
Maces & Flails | |  2.4
Shields        | |  1.7
Hexes          | |  5.0
Evocations     | |  1.7

Action                   |  1- 3 |  4- 6 || total
-------------------------+-------+-------++-------
Melee: Mace              |   125 |     1 ||   126
       War axe           |       |     8 ||     8
Evoke: Deck              |       |     5 ||     5
  Use: Potion            |     1 |     1 ||     2
  Eat: Chunk             |    14 |       ||    14
Armor: Robe              |     3 |       ||     3
       Ring mail         |    53 |     6 ||    59
Dodge: Dodged            |    62 |     6 ||    68
Block: Buckler           |    33 |     4 ||    37

Table legend:
 A = Spawn XP
 B = Non-spawn XP
 C = Spawn XP percentage of total XP
 D = Spawn monster count
 E = Non-spawn monster count
 F = Spawn count percentage of total count
 G = Total turns spent on level
                    A         B        C        D         E        F      G
               +---------+---------+-------+---------+---------+-------+---------
         Total |       0 |      74 |   0.0 |       0 |      29 |   0.0 |  2135
               +---------+---------+-------+---------+---------+-------+---------
           D:1 |       0 |      34 |   0.0 |       0 |      14 |   0.0 |   984
           D:2 |       0 |      40 |   0.0 |       0 |      15 |   0.0 |  1134
               +---------+---------+-------+---------+---------+-------+---------
